 Dungeon Crawl Stone Soup version 0.23.2-40-g277498a (webtiles) character file.

Game seed: 18161958851418926465

36959 Fang the Fighter (level 13, -8/132 HPs)
             Began as a Gargoyle Berserker on Aug 28, 2019.
             Was the Champion of Trog.
             Mangled by a lindwurm (9 damage)
             ... summoned by Kirke
             ... on level 6 of the Lair of Beasts on Aug 29, 2019.
             The game lasted 00:18:10 (12925 turns).

Fang the Fighter (Gargoyle Berserker)              Turns: 12925, Time: 00:18:11

Health: -8/132     AC:  0    Str: 30    XL:     13   Next: 93%
Magic:  13/13      EV: 19    Int:  9    God:    Trog [******]
Gold:   1091       SH:  0    Dex:  9    Spells: 12/12 levels left

rFire    . . .     SeeInvis .   (weapon currently unavailable)
rCold    . . .     Gourm    .   (shield currently unavailable)
rNeg     + . .     Faith    .   (armour currently unavailable)
rPois    ∞         Spirit   .   (helmet currently unavailable)
rElec    .         Reflect  .   (cloak currently unavailable)
rCorr    .         Harm     .   (gloves currently unavailable)
MR       .....                  (boots currently unavailable)
Stlth    ..........             k - amulet of regeneration
HPRegen  0.72/turn              (ring currently unavailable)
MPRegen  0.13/turn              (ring currently unavailable)

@: berserking (expiring), pig-form, very quick
A: small, negative energy resistance 1, petrification resistance, rot immunity,
AC +9
a: Berserk, Trog's Hand, Brothers in Arms, Renounce Religion


You were on level 6 of the Lair of Beasts.
You worshipped Trog.
Trog was exalted by your worship.
You were hungry.
You were a filthy swine.
You visited 3 branches of the dungeon, and saw 17 of its levels.

You collected 1091 gold pieces.

Inventory:

Hand Weapons
 a - a +3 war axe of flaming (melded)
 y - a +2 antimagic battleaxe
Armour
 b - a +8 plate armour (melded)
 f - a scarf of cloud immunity (melded)
 B - a +2 hat (melded)
 F - the +1 pair of boots of Optimism (melded) {Str+2 Stlth+}
   (You found it on level 2 of the Lair of Beasts)

   It affects your strength (+2).
   It makes you more stealthy.
Jewellery
 k - an amulet of regeneration (around neck)
 l - an uncursed ring of protection from magic
 r - a ring of see invisible (melded)
 x - a +3 ring of evasion (melded)
 D - a +3 ring of intelligence
Wands
 d - a wand of scattershot (4)
 h - a wand of acid (8)
 j - a wand of flame (34)
Scrolls
 g - 5 scrolls of identify
 n - 15 scrolls of remove curse
 o - a scroll of brand weapon
 q - a scroll of magic mapping
 t - 5 scrolls of teleportation
 u - a scroll of fear
 z - 2 scrolls of silence
 A - a scroll of enchant armour
Potions
 e - 4 potions of curing
 i - 8 potions of haste
 m - 2 potions of magic
 p - 6 potions of flight
 s - 3 potions of agility
 v - 2 potions of berserk rage
 w - 4 potions of might
 C - 4 potions of heal wounds
 E - a potion of ambrosia
Comestibles
 c - 33 rations
 G - 5 chunks of flesh


   Skills:
 + Level 13.1 Fighting
 + Level 11.2 Axes
 + Level 12.8 Armour
 + Level 10.2 Dodging


You had 12 spell levels left.
You didn't know any spells.
Your spell library was empty.

Dungeon Overview and Level Annotations

Branches:
Dungeon (10/15)            Temple (1/1) D:4            Lair (6/6) D:10
  Swamp (0/4) Lair:2       Spider (0/4) Lair:2          Orc (0/2) D:10
  Slime: Lair:5-6

Altars:
Dithmenos
Gozag
Okawaru
Uskayaw
Vehumet
Xom
Zin

Shops:
D:5 [

Annotations:
D:6 3 runed translucent doors, RebellionBird's ghost, novice KoHu
D:7 1 runed translucent door, zhovat1's ghost, novice DEFE
Lair:2 3 runed translucent doors, exclusion: 3 oklob plants, Jod's ghost, journeyman DECj
Lair:3 exclusion: oklob plant
Lair:5 1 runed translucent door, exclusion: 2 oklob plants, Rawank's ghost, journeyman GrWz
Lair:6 Kirke


Innate Abilities, Weirdness & Mutations

You are resistant to torment.
((Your stone body is resilient. (AC +9)))
You are immune to poison.
You resist negative energy. (rN+)
((You are resistant to electric shocks. (rElec)))
((You can survive without breathing.))
You are immune to petrification.
You are immune to rotting.


Message History

You bite something! The yak completely misses you.
You closely miss something. Something barely misses you. The yak gores you.
* * * LOW HITPOINT WARNING * * *
The yak misses you. The lindwurm misses you. The lindwurm closely misses you.
The lindwurm claws you.
* * * LOW HITPOINT WARNING * * *
The yak completely misses you.
You are too berserk!
You hit the yak.
The yak is lightly wounded.
The yak closely misses you. The yak barely misses you.
You bite the yak!
The yak is moderately wounded.
You hear some strange, mumbled words.
You feel a momentary urge to oink. The yak barely misses you.
The yak gores you.
* * * LOW HITPOINT WARNING * * *
The lindwurm barely misses you. The lindwurm closely misses you.
The lindwurm claws you!
You die...

.. #. .## .#
##..## .# ##.#..#
..# #.P##..<..#
...#.
#........†##....#
......#PYYY..P...
.....###khYY.....
..... ##{Yh.P...
.... #.YYY......
#.. #Yhh.......
... Y.....##.P..
......## #...
........P .P.
........P ..
.........


You could see an elephant, a lindwurm, 9 yaks and 3 hogs.

Vanquished Creatures
  8 hydras
  Harold (D:8)
  A two-headed ogre (D:10)
  An unseen horror (D:8)
  The ghost of Kingdeathrave the Gusty, a novice DrAE (D:9)
  10 elephants
  A centaur skeleton (D:10)
  A gargoyle (D:8)
  6 spiny frogs
  4 komodo dragons
  3 trolls
  A polar bear (Lair:5)
  2 hornets
  7 blink frogs (Lair:1)
  7 dream sheep
  9 hippogriffs
  4 wraiths (D:9)
  6 wyverns
  3 hogs (Lair:6)
  A hungry ghost (D:8)
  28 yaks
  2 basilisks
  2 swamp worms (Lair:2)
  12 water moccasins
  7 porcupines
  A soldier ant (D:10)
  2 sky beasts
  7 ice beasts
  Duvessa (D:6)
  A black bear (D:8)
  A hornet zombie (D:9)
  6 wolves (Lair:5)
  An eye of draining (D:9)
  5 orc warriors
  A necrophage (D:8)
  An ogre (D:4)
  2 phantoms (D:5)
  6 centaurs
  3 big kobolds
  9 crocodiles
  Blork the orc (D:6)
  22 bullfrogs
  A wyvern zombie (D:6)
  2 gnoll sergeants
  Dowan (D:6)
  A wyvern skeleton (D:9)
  5 scorpions
  13 killer bees
  8 wights
  A howler monkey (D:8)
  2 electric eels
  2 crimson imps
  A bullfrog zombie (D:5)
  A quasit (D:10)
  3 bullfrog skeletons
  6 hounds
  4 jellies
  2 orc priests
  Jessica (D:1)
  3 iguanas
  17 worker ants
  10 orc wizards
  A killer bee zombie (D:10)
  2 hound skeletons (D:10)
  2 worker ant zombies
  8 gnolls
  A howler monkey skeleton (D:7)
  11 adders
  A shadow imp (D:6)
  6 oozes
  2 adder zombies
  3 worms
  A dart slug (D:2)
  6 leopard geckos
  43 orcs
  A ball python (D:2)
  10 giant cockroaches
  9 goblins
  5 hobgoblins
  2 jackals (D:3)
  15 kobolds
  6 quokkas
  A ball python skeleton (D:4)
  5 bats
  4 frilled lizards
  A quokka zombie (D:7)
  4 rats
  A fungus (Lair:6)
  9 plants
442 creatures vanquished.

Vanquished Creatures (others)
  3 fungi
  2 plants
5 creatures vanquished.

Grand Total: 447 creatures vanquished

Notes
Turn   | Place    | Note
-------+----------+-------------------------------------------
     0 | D:1      | Fang the Gargoyle Berserker began the quest for the Orb.
     0 | D:1      | Reached XP level 1. HP: 14/14 MP: 1/1
   236 | D:1      | Reached XP level 2. HP: 16/19 MP: 2/2
   590 | D:2      | Noticed Jessica
   612 | D:1      | Killed Jessica
   612 | D:1      | Reached XP level 3. HP: 14/24 MP: 3/3
   783 | D:2      | Reached XP level 4. HP: 29/29 MP: 4/4
   788 | D:2      | Reached skill level 4 in Fighting
  1198 | D:2      | Reached ** piety under Trog
  1412 | D:3      | Reached XP level 5. HP: 31/33 MP: 5/5
  1523 | D:3      | Found a hide-covered altar of Uskayaw.
  1670 | D:3      | Reached XP level 6. HP: 37/39 MP: 6/6
  1921 | D:4      | Reached *** piety under Trog
  1939 | D:4      | Found a staircase to the Ecumenical Temple.
  2204 | Temple   | Entered the Ecumenical Temple
  2252 | D:4      | Reached skill level 5 in Fighting
  2399 | D:4      | Reached XP level 7. HP: 41/44 MP: 7/7
  2545 | D:5      | Entered Level 5 of the Dungeon
  2703 | D:5      | Reached skill level 5 in Armour
  2708 | D:5      | Reached XP level 8. HP: 30/51 MP: 8/8
  2784 | D:4      | Reached skill level 6 in Fighting
  2784 | D:4      | Reached skill level 5 in Axes
  3145 | D:5      | Found Onnos's Antique Armour Boutique.
  3424 | D:6      | Noticed Duvessa
  3425 | D:6      | Noticed Dowan
  3444 | D:6      | Killed Duvessa
  3513 | D:6      | Killed Dowan
  3754 | D:6      | Reached **** piety under Trog
  4037 | D:6      | Reached skill level 7 in Fighting
  4037 | D:6      | Reached XP level 9. HP: 52/57 MP: 9/9
  4105 | D:6      | Reached skill level 5 in Dodging
  4287 | D:6      | Found a runed translucent gate.
  4288 | D:6      | Found a runed translucent gate.
  4289 | D:6      | Found a runed translucent gate.
  4289 | D:6      | Noticed RebellionBird's ghost (novice KoHu)
  4290 | D:6      | Noticed a kobold demonologist
  4290 | D:6      | Identified the +2 short sword "Syashry" {chaos, *Corrode
                  | rPois MR++}
  4516 | D:6      | Noticed Blork the orc
  4526 | D:6      | Killed Blork the orc
  5531 | D:7      | Found a runed translucent door.
  5532 | D:7      | Found a shimmering altar of Xom.
  5532 | D:7      | Noticed zhovat1's ghost (novice DEFE)
  5532 | D:7      | Noticed a +0 long sword of chaos
  5614 | D:8      | Found a shadowy altar of Dithmenos.
  5709 | D:8      | Noticed an unseen horror
  5709 | D:8      | Noticed a troll
  5709 | D:8      | Noticed a gargoyle
  5721 | D:8      | Killed a troll
  5721 | D:8      | Reached skill level 8 in Fighting
  5813 | D:8      | Killed a gargoyle
  5813 | D:8      | Reached XP level 10. HP: 65/65 MP: 10/10
  5882 | D:8      | Killed an unseen horror
  6025 | D:8      | Found a radiant altar of Vehumet.
  6025 | D:8      | Found an iron altar of Okawaru.
  6110 | D:8      | Reached skill level 9 in Fighting
  6232 | D:8      | Paralysed by fainting for 9 turns
  6288 | D:8      | Noticed Harold
  6303 | D:8      | Killed Harold
  6475 | D:8      | Found an opulent altar of Gozag.
  6475 | D:8      | Found a glowing silver altar of Zin.
  6678 | D:9      | Reached ***** piety under Trog
  6702 | D:9      | Reached XP level 11. HP: 57/71 MP: 3/11
  6765 | D:9      | Received a gift from Trog
  6858 | D:9      | Found a runed translucent door.
  6900 | D:9      | Noticed Kingdeathrave's ghost (novice DrAE)
  6918 | D:9      | Killed Kingdeathrave's ghost
  7015 | D:9      | Reached skill level 10 in Fighting
  7044 | D:9      | Found the +5 scythe "Finisher" {speed, eviscerate}
  7451 | D:10     | Entered Level 10 of the Dungeon
  7668 | D:10     | Reached skill level 10 in Armour
  7741 | D:10     | Received a gift from Trog
  7771 | D:10     | Found a staircase to the Lair.
  7820 | D:10     | Found a staircase to the Orcish Mines.
  7910 | D:10     | Noticed a two-headed ogre
  7917 | D:10     | Killed a two-headed ogre
  8385 | Lair:1   | Entered Level 1 of the Lair of Beasts
  8439 | Lair:1   | Noticed a six-headed hydra
  8451 | Lair:1   | Killed a one-headed hydra
  8451 | Lair:1   | Reached XP level 12. HP: 44/79 MP: 12/12
  8508 | Lair:1   | Noticed a six-headed hydra
  8526 | Lair:1   | Killed a one-headed hydra
  8526 | Lair:1   | Reached skill level 11 in Fighting
  8569 | Lair:1   | Noticed a seven-headed hydra
  8585 | Lair:1   | Killed a one-headed hydra
  9467 | Lair:2   | Found a hole to the Spider Nest.
  9520 | Lair:2   | Received a gift from Trog
  9525 | Lair:2   | Reached skill level 10 in Axes
  9694 | Lair:2   | Found a runed translucent gate.
  9704 | Lair:2   | Found a runed translucent gate.
  9704 | Lair:2   | Found a runed translucent gate.
  9704 | Lair:2   | Noticed Jod's ghost (journeyman DECj)
  9752 | Lair:2   | Reached skill level 12 in Fighting
  9877 | Lair:2   | Got a pair of pitted boots
  9883 | Lair:2   | Identified the +1 pair of boots of Optimism {Str+2 Stlth+}
                  | (You found it on level 2 of the Lair of Beasts)
  9961 | Lair:2   | Noticed a five-headed hydra
  9962 | Lair:2   | Noticed a four-headed hydra
  9967 | Lair:2   | Killed a one-headed hydra
  9967 | Lair:2   | Reached XP level 13. HP: 74/86 MP: 13/13
 10111 | Lair:2   | Found a staircase to the Swamp.
 12191 | Lair:5   | Received a gift from Trog
 12234 | Lair:5   | Reached ****** piety under Trog
 12276 | Lair:5   | Reached skill level 10 in Dodging
 12448 | Lair:5   | Found a runed translucent door.
 12449 | Lair:5   | Found a shimmering altar of Xom.
 12449 | Lair:5   | Noticed Rawank's ghost (journeyman GrWz)
 12505 | Lair:5   | Reached skill level 13 in Fighting
 12881 | Lair:6   | Entered Level 6 of the Lair of Beasts
 12898 | Lair:6   | Noticed Kirke
 12921 | Lair:6   | HP: 3/132 [lindwurm[Kirke] (8)]
 12925 | Lair:6   | HP: 1/132 [yak (2)]
 12925 | Lair:6   | Mangled by a lindwurm

Skill      XL: |  1  2  3  4  5  6  7  8  9 10 11 12 13 |
---------------+----------------------------------------+-----
Axes           | 3 4 5 6 8 9 10 11 | 11.2
Dodging        | 2 3 4 6 7 8 9 10 | 10.2
Armour         | 3 4 5 6 7 9 10 11 12 | 12.8
Fighting       | 4 5 7 8 9 10 12 13 | 13.1

Action                   |  1- 3 |  4- 6 |  7- 9 | 10-12 | 13-15 || total
-------------------------+-------+-------+-------+-------+-------++-------
Melee: Hand axe          |    50 |   132 |       |       |       ||   182
       War axe           |       |    77 |   473 |   677 |   318 ||  1545
       Unarmed           |       |       |       |       |    13 ||    13
Invok: Berserk           |     2 |     1 |     8 |     6 |     1 ||    18
       Trog's Hand       |       |       |     2 |       |       ||     2
  Use: Scroll            |       |       |    19 |    10 |     6 ||    35
       Potion            |       |       |     3 |       |       ||     3
 Stab: Sleeping          |     1 |       |       |       |       ||     1
  Eat: Chunk             |       |     7 |    14 |    24 |    10 ||    55
       Ration            |       |       |     2 |     1 |       ||     3
Armor: Animal skin       |    19 |    12 |       |       |       ||    31
       Plate armour      |       |   164 |   492 |   725 |   276 ||  1657
       Skin              |       |       |     2 |       |       ||     2
Dodge: Dodged            |    41 |    91 |   279 |   593 |   347 ||  1351
